 Dungeon Crawl Stone Soup version 0.25.1-2-g60ff931df9 (webtiles) character file.

Game seed: 10682561617352338433

6423 Impeuri the Carver (level 10, -1/82 HPs)
             Began as a Demonspawn Fighter on Aug 23, 2020.
             Was a Believer of Yredelemnul.
             Slain by Urug
             ... wielding a +6 great mace
              (16 damage)
             ... on level 11 of the Dungeon.
             The game lasted 00:18:24 (11460 turns).

Impeuri the Carver (Demonspawn Fighter)            Turns: 11460, Time: 00:18:24

Health: -1/82      AC: 20    Str: 21    XL:     10   Next: 67%
Magic:  14/14      EV: 10    Int:  9    God:    Yredelemnul [**....]
Gold:   436        SH:  9    Dex: 17    Spells: 9/9 levels left

rFire    . . .     SeeInvis .   a - +1 long sword
rCold    . . .     Gourm    .   c - +0 kite shield
rNeg     . . .     Faith    .   O - +2 chain mail of Jiem {Dex+5}
rPois    +         Spirit   .   (no helmet)
rElec    .         Reflect  .   p - +1 cloak
rCorr    .         Harm     .   j - +0 pair of gloves
MR       .....                  (no boots)
Stlth    ..........             (no amulet)
HPRegen  0.23/turn              g - ring of poison resistance
MPRegen  0.14/turn              (no ring)

@: mighty, agile, very slightly contaminated, invisible (expiring)
A: iridescent scales 2, demonic guardian 1, powered by pain 1
a: Animate Remains, Recall Undead Slaves, Injury Mirror, Renounce Religion


You were on level 11 of the Dungeon.
You worshipped Yredelemnul.
Yredelemnul was pleased with you.
You were hungry.

You visited 2 branches of the dungeon, and saw 12 of its levels.
You also visited: Sewer.

You collected 436 gold pieces.

Inventory:

Hand Weapons
 a - a +1 long sword (weapon)
Missiles
 B - 7 throwing nets (quivered)
Armour
 c - a +0 kite shield (worn)
 j - a +0 pair of gloves (worn)
 p - a +1 cloak (worn)
 O - the +2 chain mail of Jiem (worn) {Dex+5}
   (You found it on level 9 of the Dungeon)

   It affects your dexterity (+5).
Jewellery
 g - a ring of poison resistance (left hand)
 y - an uncursed ring of ice
Wands
 x - a wand of random effects (12)
 I - a wand of enslavement (4)
 J - a wand of digging (3)
 L - a wand of flame (15)
 N - a wand of acid (8)
Scrolls
 e - 2 scrolls of fog
 h - 4 scrolls of teleportation
 i - 2 scrolls of amnesia
 k - 4 scrolls of remove curse
 l - 2 scrolls of immolation
 s - 6 scrolls of identify
 t - 2 scrolls of enchant armour
 A - 3 scrolls of blinking
 C - a scroll of magic mapping
 D - 2 scrolls of fear
 E - 2 scrolls of enchant weapon
Potions
 d - 5 potions of might
 m - a potion of magic
 w - 6 potions of curing
 z - 2 potions of invisibility
 F - a potion of haste
Comestibles
 b - 9 chunks of flesh
 f - 12 rations


   Skills:
 + Level 8.4 Fighting
 * Level 10.2 Long Blades
 + Level 7.6 Armour
 - Level 2.6 Shields
 + Level 6.3 Invocations


You had 9 spell levels left.
You didn't know any spells.
Your spell library contained the following spells:

 Spells                   Type           Power        Failure   Level  Hunger
 Magic Dart               Conj           #...         100%        1    ##.....
 Blink                    Tloc           N/A          100%        2    ###....
 Call Imp                 Summ           #.......     100%        2    ###....
 Slow                     Hex            #.......     100%        2    ###....
 Conjure Flame            Conj/Fire      #.......     100%        3    ####...
 Mephitic Cloud           Conj/Pois/Air  #.......     100%        3    ####...


Dungeon Overview and Level Annotations

Branches:
Dungeon (10/15)            Temple (1/1) D:4             Orc (0/2) D:9
  Sewer (visited)
   Lair: D:8-11

Altars:
Ashenzari
Cheibriados
Dithmenos
Elyvilon
Fedhas
Gozag
Hepliaklqana
Kikubaaqudgha
Makhleb
Nemelex Xobeh
Okawaru
Qazlal
Ru
Sif Muna
Trog
Uskayaw
Vehumet
Wu Jian
Xom
Yredelemnul
Zin
The Shining One

Annotations:
D:5 Prince Ribbit
D:11 Urug


Innate Abilities, Weirdness & Mutations

You are mostly covered in iridescent scales. (AC +4)
A weak demonic guardian rushes to your aid.
You sometimes gain a little power by taking damage.


Message History

Your ufetubus dies!
Urug shouts!
You closely miss Urug.
Urug is severely wounded.
Urug stares with her one eyeball.
A yak comes into view.
The yak bellows!
You hit Urug.
Urug is severely wounded.
You flicker for a moment.
You hear a bellow! x2
Urug hits you with a +6 great mace!!
* * * LOW HITPOINT WARNING * * *
You focus on the pain.
You feel very mighty all of a sudden.
You feel mightier all of a sudden.
The yak bellows!
Urug hits you with a +6 great mace!
You die...
Your body rises from the dead as a mindless zombie.

#.##.. #..#.# ##.#.# #
≈# #...# #≈ ##### ≈#
##..# #≈##≈≈≈##≈# #..#
#≈≈≈≈≈≈≈≈≈# #..#
#........#### #..#
#.........Y.. #..#
#...o@....# #..#
#...(.....#
####.)####.........#
#.......#(...###+#$...
#.##..#.#(#### ##.
#....>#...#
####(.##### ...# ###.#


You could see Urug and a yak (wandering).

Vanquished Creatures
  Harold (D:7)
  An unseen horror (D:10)
  Joseph (D:7)
  A gargoyle (D:10)
  A hungry ghost (D:9)
  Menkaure (D:4)
  3 water moccasins
  An orc warrior (D:10)
  3 sky beasts
  A black bear (D:10)
  2 necrophages
  4 ice beasts
  An ogre (D:8)
  A centaur (D:6)
  A wolf (D:10)
  The ghost of chimenez the Skirmisher, an amateur OpFi (D:3)
  3 big kobolds
  5 bullfrogs
  3 scorpions
  3 killer bees (D:9)
  2 howler monkeys
  A crimson imp (D:8)
  A centaur zombie (D:5)
  2 bullfrog zombies
  2 bullfrog skeletons (D:4)
  3 jellies
  4 orc priests
  5 hounds
  A gnoll shaman (D:8)
  2 orc wizards (D:6)
  A centaur skeleton (D:6)
  3 iguanas
  Natasha (D:4)
  8 worker ants
  A hound zombie (D:9)
  2 hound skeletons
  11 adders
  9 gnolls
  2 river rats (Sewer)
  An ooze (D:1)
  2 adder zombies
  2 worms
  2 dart slugs
  6 leopard geckos
  15 orcs
  2 ball pythons
  6 bats
  9 giant cockroaches
  10 hobgoblins
  6 jackals
  20 kobolds
  5 quokkas
  4 frilled lizards
  5 goblins
  A jackal skeleton (D:8)
  3 quokka skeletons
  9 rats
207 creatures vanquished.

Vanquished Creatures (collateral kills)
  Maurice (D:8)
  Grinder (D:3)
  A water moccasin (D:7)
  A sky beast (D:6)
  A centaur (D:8)
  A crocodile (D:9)
  A wyvern zombie (D:8)
  A scorpion (D:4)
  An adder (D:9)
  An adder skeleton (D:10)
  4 orcs
  2 bats (D:3)
16 creatures vanquished.

Vanquished Creatures (others)
  A hippogriff (D:10)
1 creature vanquished.

Grand Total: 224 creatures vanquished

Notes
Turn   | Place    | Note
-------+----------+-------------------------------------------
     0 | D:1      | Impeuri the Demonspawn Fighter began the quest for the Orb.
     0 | D:1      | Reached XP level 1. HP: 18/18 MP: 1/1
    24 | D:1      | Reached skill level 2 in Long Blades
   134 | D:1      | Gained mutation: You are partially covered in iridescent
                  | scales. (AC +2) [demonic ancestry]
   134 | D:1      | Reached XP level 2. HP: 24/24 MP: 2/2
   555 | D:1      | Gained mutation: A weak demonic guardian rushes to your
                  | aid. [demonic ancestry]
   555 | D:1      | Reached XP level 3. HP: 29/29 MP: 3/3
  1083 | D:2      | Reached skill level 3 in Long Blades
  1453 | D:2      | Found a radiant altar of Vehumet.
  1617 | D:3      | Gained mutation: You are mostly covered in iridescent
                  | scales. (AC +4) [demonic ancestry]
  1617 | D:3      | Reached XP level 4. HP: 34/35 MP: 4/4
  1618 | D:3      | Noticed an ice beast
  1627 | D:3      | Killed an ice beast
  1628 | D:3      | Gained mutation: You sometimes gain a little power by
                  | taking damage. [demonic ancestry]
  1628 | D:3      | Reached XP level 5. HP: 39/42 MP: 5/5
  1934 | D:3      | Noticed Grinder
  1949 | D:3      | Killed Grinder
  1949 | D:3      | Reached skill level 4 in Long Blades
  1949 | D:3      | Reached XP level 6. HP: 29/49 MP: 6/6
  2198 | D:3      | Found a runed translucent door.
  2199 | D:3      | Noticed chimenez's ghost (amateur OpFi)
  2211 | D:3      | Killed chimenez's ghost
  2823 | D:4      | Reached skill level 5 in Long Blades
  2826 | D:4      | Reached XP level 7. HP: 25/55 MP: 7/7
  3098 | D:4      | Noticed Natasha
  3109 | D:4      | Killed Natasha
  3254 | D:4      | Found a staircase to the Ecumenical Temple.
  3294 | Temple   | Entered the Ecumenical Temple
  3420 | Temple   | Became a worshipper of Yredelemnul the Dark
  3527 | D:4      | Reached skill level 5 in Fighting
  3827 | D:4      | Noticed Menkaure
  3837 | D:4      | Killed Menkaure
  4097 | D:4      | Reached skill level 6 in Long Blades
  4302 | D:5      | Entered Level 5 of the Dungeon
  4348 | D:5      | Reached skill level 5 in Armour
  4348 | D:5      | Reached XP level 8. HP: 61/61 MP: 8/8
  4375 | D:5      | Found a glowing drain.
  4395 | Sewer    | Entered a sewer
  4702 | Sewer    | Reached * piety under Yredelemnul
  5278 | D:5      | Reached skill level 7 in Long Blades
  5539 | D:5      | Found a shattered altar of Ashenzari.
  5539 | D:5      | Found a burning altar of Makhleb.
  5807 | D:5      | Noticed Prince Ribbit
  5923 | D:5      | Found a shadowy altar of Dithmenos.
  6348 | D:6      | Found an opulent altar of Gozag.
  6446 | D:6      | Found a stormy altar of Qazlal.
  6446 | D:6      | Found a hazy altar of Hepliaklqana.
  6479 | D:6      | Found a hide-covered altar of Uskayaw.
  6804 | D:6      | Reached XP level 9. HP: 57/68 MP: 9/9
  7342 | D:7      | Reached skill level 8 in Long Blades
  7367 | D:7      | Found a basalt altar of Yredelemnul.
  7390 | D:7      | Noticed Harold
  7421 | D:7      | Killed Harold
  7593 | D:7      | Noticed Joseph
  7614 | D:7      | Killed Joseph
  7978 | D:7      | Found a glowing golden altar of the Shining One.
  8011 | D:7      | Reached skill level 9 in Long Blades
  8519 | D:8      | Noticed Maurice
  8532 | D:8      | Killed Maurice
  8722 | D:8      | Reached XP level 10. HP: 64/76 MP: 13/13
  9214 | D:8      | Reached ** piety under Yredelemnul
  9620 | D:9      | Reached skill level 5 in Invocations
  9732 | D:9      | Got a heavily runed chain mail
  9733 | D:9      | Identified the +2 chain mail of Jiem {Dex+5} (You found it
                  | on level 9 of the Dungeon)
  9764 | D:9      | Found a staircase to the Orcish Mines.
  9764 | D:9      | Found an iron altar of Okawaru.
  9869 | D:9      | Found an ornate altar of the Wu Jian Council.
  9925 | D:9      | Found a glowing silver altar of Zin.
 10549 | D:10     | Entered Level 10 of the Dungeon
 10921 | D:10     | Noticed a gargoyle
 10945 | D:10     | Killed a gargoyle
 10987 | D:10     | Killed an unseen horror
 10987 | D:10     | Reached skill level 10 in Long Blades
 11400 | D:10     | You fall into a shaft and drop 1 floor!
 11431 | D:11     | Noticed Urug
 11460 | D:11     | Slain by Urug

Illustrated notes

Levels and vault maps discovered:
D:1:      lightli_arrival_farm, layout_basic
D:2:      layout_loops_ring, lemuel_coloured_pillars_altar, first_ration
D:3:      layout_basic, gammafunk_ghost_grave, kennysheep_generic_room_16,
          uniq_grinder
D:4:      layout_cave_pods, temple_green, uniq_natasha, uniq_menkaure
D:5:      layout_basic, lemuel_doored_altar, gammafunk_temple_overflow_wave,
          cheibrodos_sewer_entry_bend, uniq_prince_ribbit1
D:6:      layout_basic, gammafunk_temple_overflow_statue,
          nicolae_overflow_crystal_walls, grunt_gozag_breadcrumbs
D:7:      layout_loops_ring, marbit_many_paths, basic_altar, uniq_harold,
          uniq_joseph
D:8:      layout_basic, uniq_maurice
D:9:      layout_loops_cross, okawaru_trees_2, zin_statuary,
          kennysheep_mini_moat
D:10:     layout_long_grid, erik_lair_island, hangedman_pestilent_swarm,
          minmay_misc_feat_pillars
D:11:     layout_basic, serial_shops, shop, lightli_minifort, uniq_urug,
          uniq_josephine
Temple:   jpeg_temple_alley_garden

Skill      XL: |  1  2  3  4  5  6  7  8  9 10 |
---------------+-------------------------------+-----
Long Blades    | 2 3 4 5 6 7 9 10 | 10.2
Armour         | 3 4 5 6 7 |  7.6
Fighting       | 4 5 6 7 8 |  8.4
Invocations    | 4 6 |  6.3
Shields        | |  2.6

Action                   |  1- 3 |  4- 6 |  7- 9 | 10-12 || total
-------------------------+-------+-------+-------+-------++-------
Melee: Long sword        |   117 |   140 |   525 |   293 ||  1075
  Use: Scroll            |       |       |     6 |    11 ||    17
       Potion            |       |       |       |    16 ||    16
 Stab: Distracted        |       |     1 |     3 |       ||     4
       Invisible         |       |       |       |     3 ||     3
  Eat: Chunk             |     3 |     3 |    21 |     7 ||    34
       Ration            |       |       |       |     1 ||     1
Armor: Scale mail        |    92 |    91 |   224 |    50 ||   457
       Chain mail        |       |       |       |   151 ||   151
Dodge: Dodged            |    41 |    39 |   127 |    79 ||   286
Block: Kite shield       |    57 |    58 |   206 |   151 ||   472
       Rpst.: Long sword |    15 |     5 |    45 |    16 ||    81
